 Dungeon Crawl Stone Soup version 0.29-a0-341-g24ffce5b50 (webtiles) character file.

Game seed: 16404595184254863582

32 siradein the Digger (level 3, -2/19 HPs)
             Began as a Deep Elf Earth Elementalist on Apr 21, 2022.
             Slain by a kobold
             ... wielding a +2 dagger of speed
              (5 damage)
             ... on level 2 of the Dungeon.
             The game lasted 00:03:19 (1183 turns).

siradein the Digger (Deep Elf Earth Elementalist)   Turns: 1183, Time: 00:03:19

Health: -2/19      AC:  2    Str:  5    XL:     3   Next: 8%
Magic:  7/10       EV: 13    Int: 21    God:
Gold:   73         SH:  0    Dex: 15    Spells: 5/9 levels left

rFire   . . .      SeeInvis .   (no weapon)
rCold   . . .      Faith    .   (no shield)
rNeg    . . .      Spirit   .   b - +0 robe
rPois   .          Reflect  .   (no helmet)
rElec   .          Harm     .   (no cloak)
rCorr   .          Rampage  .   (no gloves)
Will    .....                   (no boots)
Stlth   +.........              (no amulet)
HPRegen 0.06/turn               (no ring)
MPRegen 0.12/turn               (no ring)

@: confused, very slightly contaminated
A: no striking features
a: no special abilities


You were on level 2 of the Dungeon.
You visited 1 branch of the dungeon, and saw 2 of its levels.

You collected 73 gold pieces.

Inventory:

Missiles
 a - 29 stones
Armour
 b - a +0 robe (worn)
Wands
 h - a wand of paralysis (7)
Scrolls
 d - 2 scrolls of identify {unknown}
 e - a scroll of teleportation {unknown}
 i - a scroll of immolation {unknown}
Potions
 c - a potion of magic
 f - a potion of heal wounds {unknown}
 g - a potion of degeneration {unknown}


   Skills:
 + Level 2.9 Dodging
 + Level 3.0 Stealth
 + Level 3.5 Spellcasting
 + Level 0.0 Conjurations
 + Level 1.7 Transmutations
 + Level 3.6 Earth Magic


You had 5 spell levels left.
You knew the following spells:

 Your Spells              Type           Power      Damage    Failure   Level
a - Sandblast             Erth           36%        2d10      3%          1
b - Stone Arrow           Conj/Erth      22%        3d8       19%         3

Your spell library contained the following spells:

 Spells                   Type           Power      Damage    Failure   Level
 Passwall                 Tmut/Erth      11%        N/A       6%          2
 Apportation              Tloc           6%         N/A       13%         1
 Scorch                   Fire           6%         2d5       19%         2
 Petrify                  Tmut/Erth      14%        N/A       38%         4
 Flame Wave               Conj/Fire      3%         2d4       77%         4
 Alistair's Intoxication  Tmut/Pois      4%         N/A       94%         5
 Summon Cactus Giant      Summ           1%         N/A       100%        6


Dungeon Overview and Level Annotations

Branches:
Dungeon (2/15)

Altars:

Annotations:
D:2 Sigmund


Message History

Sigmund closely misses you.
There is a stone staircase leading up here.
The hobgoblin shouts!
In your confused state, you trip and fall back down the stairs.
Sigmund barely misses you.
Sigmund hits you from afar with a +0 scythe!
You climb upwards.
There is a stone staircase leading down here.
You start resting.
You feel less confused.
You start resting.
HP restored.
You climb downwards.
Level annotation: Sigmund The hobgoblin hits you.
There is a stone staircase leading up here.
The blast of sand hits the hobgoblin.
The hobgoblin is almost dead.
The kobold misses you. The hobgoblin closely misses you.
Sigmund casts a spell at you. The puff of flame hits you.
The blast of sand hits the hobgoblin!
You kill the hobgoblin!
The kobold hits you but does no damage.
The kobold hits you with a +2 dagger of speed.
Sigmund closely misses you.
You miscast Sandblast.
You are very lightly contaminated with residual magic.
Nothing appears to happen.
The kobold hits you with a +2 dagger of speed.
You are too injured to fight recklessly!
You are too injured to fight recklessly!
You are too injured to fight recklessly!
You are too injured to fight recklessly!
The kobold hits you with a +2 dagger of speed.
* * * LOW HITPOINT WARNING * * *
Sigmund points at you and mumbles some strange words.
You are confused.
The kobold hits you with a +2 dagger of speed.
You die...

# ###### ######
.#.....## #.....
........## ##.####
.......@.# ####..#
.......!.K######....##
........@....K...####
..........########
.......?..#
..........######
...............#
...............#
...#.#........#


You could see Sigmund and a kobold.

Vanquished Creatures
  A worm (D:2)
  A dart slug (D:2)
  4 endoplasms
  A giant cockroach (D:1)
  6 goblins
  4 hobgoblins
  A quokka (D:2)
  2 kobolds (D:1)
  3 rats
23 creatures vanquished.

Notes
Turn   | Place    | Note
-------+----------+-------------------------------------------
     0 | D:1      | siradein the Deep Elf Earth Elementalist began the quest
                  | for the Orb.
     0 | D:1      | Reached XP level 1. HP: 10/10 MP: 6/6
   366 | D:1      | Reached XP level 2. HP: 15/15 MP: 5/8
   694 | D:2      | Noticed Sigmund
   816 | D:2      | Found a faded altar of an unknown god.
   999 | D:2      | Reached XP level 3. HP: 19/19 MP: 7/10
  1011 | D:1      | Learned a level 3 spell: Stone Arrow
  1183 | D:2      | Slain by a kobold

Illustrated notes

Levels and vault maps discovered:
D:1:      shiori_arrival_oz, layout_basic
D:2:      layout_rooms, basic_ecumenical_altar, uniq_sigmund

Skill      XL: |  1  2 |
---------------+-------+-----
Stealth        | 3 |  3.0
Dodging        | |  2.9
Spellcasting   | |  3.5
Transmutations | |  1.7
Earth Magic    | |  3.6

Action                   || total
-------------------------++-------
 Cast: Sandblast         ||    35
Armor: Robe              ||     2
Dodge: Dodged            ||    12

Table legend: (Time is in decaauts)
 A = Elapsed time spent in this place.
 B = Non-inter-level travel time spent in this place.
 C = Inter-level travel time spent in this place.
 D = Time resting spent in this place.
 E = Time spent auto-exploring this place.
 F = Levels seen in this place.
 G = Mean time per level.
                   A        B        C        D        E       F      G
               +--------+--------+--------+--------+--------+-----+--------+
         Total |   1185 |   1103 |     82 |    157 |    733 |   2 |  592.5 |
       Dungeon |   1185 |   1103 |     82 |    157 |    733 |   2 |  592.5 |
               +--------+--------+--------+--------+--------+-----+--------+

Top non-repeatable levels by time:
     D:1: 889 daAuts
     D:2: 296 daAuts
